 Dungeon Crawl Stone Soup version 0.30-a0-304-gdc4b735fe1 (webtiles) character file.

Game seed: 8843056316344619830

91 NinjaNoafa the Chopper (level 4, 0/39 HPs)
             Began as a Hill Orc Fighter on Oct 20, 2022.
             Was an Initiate of Vehumet.
             Slain by a gnoll
             ... wielding a +0 spear
              (4 damage)
             ... on level 4 of the Dungeon.
             The game lasted 00:05:19 (2532 turns).

NinjaNoafa the Chopper (Hill Orc Fighter)           Turns: 2532, Time: 00:05:20

Health: 0/39       AC:  2    Str: 20    XL:     4   Next: 59%
Magic:  4/4        EV: 11    Int: 12    God:    Vehumet [......]
Gold:   167        SH:  0    Dex: 10    Spells: 3/3 levels left

rFire   . . .      SeeInvis .    x - +8 dagger "Bire Boen" {flame, Fly Int+4}
rCold   + . .      Faith    .    (no shield)
rNeg    . . .      Spirit   .    y - +0 robe
rPois   .          Reflect  .    (no helmet)
rElec   .          Harm     .    (no cloak)
rCorr   .          Rampage  .    (no gloves)
Will    .....                    (no boots)
Stlth   +.........               (no amulet)
HPRegen 0.26/turn                z - ring of protection from cold
MPRegen 0.09/turn                (no ring)

@: mighty, flying
A: no striking features
a: Renounce Religion


You were on level 4 of the Dungeon.
You worshipped Vehumet.
Vehumet was noncommittal.
You visited 2 branches of the dungeon, and saw 5 of its levels.

You collected 167 gold pieces.

Inventory:

Hand Weapons
 x - the +8 dagger "Bire Boen" (weapon) {flame, Fly Int+4}
   (You found it on level 3 of the Dungeon)

   It burns those it strikes, dealing additional fire damage.
   Int:       It affects your intelligence (+4).
   Fly:       It grants you flight.
Missiles
 i - 20 stones (quivered)
 n - 10 poisoned darts
Armour
 y - a +0 robe (worn)
Jewellery
 z - a ring of protection from cold (left hand)
Scrolls
 e - a scroll of identify {unknown}
 f - a scroll of silence {unknown}
 g - a scroll of brand weapon {unknown}
 h - a scroll of teleportation {unknown}
 j - a scroll of amnesia {unknown}
 k - 3 scrolls of torment {unknown}
 o - 2 scrolls of immolation {unknown}
 s - a scroll of enchant weapon {unknown}
 t - a scroll of summoning {unknown}
Potions
 a - a potion of flight {unknown}
 b - a potion of berserk rage {unknown}
 c - a potion of brilliance {unknown}
 d - a potion of might
 l - a potion of attraction {unknown}
 m - 2 potions of degeneration {unknown}
 p - 2 potions of haste {unknown}
 q - 2 potions of lignification {unknown}
 r - 4 potions of heal wounds {unknown}
 u - a potion of curing {unknown}
 v - a potion of magic {unknown}
 w - 2 potions of resistance {unknown}


   Skills:
 - Level 3.6 Fighting
 + Level 1.1 Short Blades
 - Level 5.9 Axes
 - Level 3.2 Armour
 - Level 3.2 Shields


You had 3 spell levels left.
You didn't know any spells.
Your spell library contained the following spells:

 Spells                   Type           Power      Damage    Failure   Level
 Beastly Appendage        Tmut           0%         N/A       32%         1
 Wereblood                Tmut           0%         N/A       45%         2
 Gell's Gravitas          Tloc           0%         N/A       69%         3
 Ignite Poison            Fire/Tmut/Pois 0%         N/A       69%         3
 Kindle Blastsparks       Fire/Tloc/Air  0%         2d10      69%         3
 Spider Form              Tmut/Pois      0%         N/A       69%         3
 Teleport Other           Tloc           0%         N/A       69%         3
 Freezing Cloud           Conj/Ice/Air   0%         6-21      100%        5
 Dispersal                Tloc           0%         N/A       100%        6


Dungeon Overview and Level Annotations

Branches:
Dungeon (4/15)             Temple (1/1) D:4

Altars:
Ashenzari
Cheibriados
Makhleb
Nemelex Xobeh
Okawaru
Ru
Sif Muna
Trog
Uskayaw
Vehumet
Xom
Yredelemnul
Zin
The Shining One


Message History

Press < or > to pray at altars.
There is a staircase back to the Dungeon here.
There is a staircase back to the Dungeon here.
You fly upwards.
Welcome back to the Dungeon!
There is a staircase to the Ecumenical Temple here.
A gnoll comes into view. It is wielding a +0 club.
A gnoll is nearby!
A gnoll is nearby!
A gnoll is nearby!
A gnoll is nearby!
A gnoll comes into view. It is wielding a +2 whip of flaming.
The gnoll shouts!
A gnoll comes into view. It is wielding a +0 spear.
A gnoll comes into view. It is wielding a +0 club.
The gnoll barely misses you.
The gnoll hits you with a +2 whip of flaming.
The gnoll burns you.
The gnoll shouts!
You hit the gnoll but do no damage. The gnoll closely misses you.
You completely miss the gnoll. The gnoll barely misses you.
The gnoll hits you with a +2 whip of flaming.
The gnoll burns you.
You barely miss the gnoll. The gnoll barely misses you.
The gnoll hits you with a +0 club. The gnoll closely misses you.
The gnoll hits you with a +2 whip of flaming.
The gnoll burns you.
You closely miss the gnoll.
The gnoll hits you from afar with a +0 spear!
The gnoll hits you with a +0 club. x2
* * * LOW HITPOINT WARNING * * *
The gnoll hits you with a +2 whip of flaming.
* * * LOW HITPOINT WARNING * * *
The gnoll burns you.
* * * LOW HITPOINT WARNING * * *
The gnoll attacks as you move away! The gnoll closely misses you.
The gnoll barely misses you. The gnoll misses you.
You feel very mighty all of a sudden.
The gnoll hits you from afar with a +0 spear.
You die...

#..............####..............
..#######..##....#...............
.. ##..####.................. #
#..## ###................ ##..#
#................ ...#
#................ .##..#
##................
#..####.................
#...gg@................
#....g##............... #....g.#
#.............. ..........#
.............. ..........#
.............. ≈.........#
.............. ≈....##...#
............ ≈.... #....
............ ≈.... #.....
............


You could see 4 gnolls.

Vanquished Creatures
  3 adders
  2 dart slugs
  3 endoplasms
  4 giant cockroaches
  3 goblins
  4 hobgoblins
  6 jackals
  7 kobolds
  8 quokkas
  3 ball pythons
  6 bats
  A frilled lizard (D:2)
  6 rats
56 creatures vanquished.

Notes
Turn   | Place    | Note
-------+----------+-------------------------------------------
     0 | D:1      | NinjaNoafa the Hill Orc Fighter began the quest for the
                  | Orb.
     0 | D:1      | Reached XP level 1. HP: 19/19 MP: 1/1
    63 | D:1      | Reached skill level 3 in Axes
   123 | D:1      | Reached XP level 2. HP: 26/26 MP: 2/2
   166 | D:1      | Reached skill level 4 in Axes
   673 | D:1      | Reached XP level 3. HP: 31/31 MP: 3/3
   744 | D:2      | Reached skill level 5 in Axes
   887 | D:2      | Found a faded altar of an unknown god.
  1132 | D:2      | Reached XP level 4. HP: 39/39 MP: 4/4
  1702 | D:3      | Identified the +8 dagger "Bire Boen" {flame, Fly Int+4}
  2191 | D:3      | Reached skill level 1 in Short Blades
  2323 | D:4      | Found a staircase to the Ecumenical Temple.
  2347 | Temple   | Entered the Ecumenical Temple
  2495 | Temple   | Became a worshipper of Vehumet
  2532 | D:4      | Slain by a gnoll

Illustrated notes

Levels and vault maps discovered:
D:1:      minmay_arrival_four_houses, layout_basic, minmay_strange_pillars
D:2:      layout_loops_cross, ebering_ecumenical_altar_webs
D:3:      layout_basic
D:4:      layout_layer_cave, minmay_temple_entry_grid,
          chequers_serial_rivers_micro_e
Temple:   nicolae_temple_bog_church

Skill      XL: |  1  2  3  4 |
---------------+-------------+-----
Axes           | 3 4 5 |  5.9
Short Blades   | 1 |  1.1
Fighting       | |  3.6
Armour         | |  3.2
Shields        | |  3.2

Action                   |  1- 3 |  4- 6 || total
-------------------------+-------+-------++-------
Melee: War axe           |   101 |    43 ||   144
       Dagger            |       |    19 ||    19
  Use: Potion            |       |     1 ||     1
 Stab: Sleeping          |       |     1 ||     1
Armor: Scale mail        |    68 |    29 ||    97
       Robe              |       |     2 ||     2
Dodge: Dodged            |    63 |    33 ||    96
Block: Buckler           |    22 |    10 ||    32

Table legend: (Time is in decaauts)
 A = Elapsed time spent in this place.
 B = Non-inter-level travel time spent in this place.
 C = Inter-level travel time spent in this place.
 D = Time resting spent in this place.
 E = Time spent auto-exploring this place.
 F = Levels seen in this place.
 G = Mean time per level.
                   A        B        C        D        E       F      G
               +--------+--------+--------+--------+--------+-----+--------+
         Total |   2573 |   2342 |    231 |      0 |   1780 |   5 |  514.6 |
       Dungeon |   2415 |   2198 |    217 |      0 |   1673 |   4 |  603.8 |
        Temple |    158 |    144 |     14 |      0 |    107 |   1 |  158.0 |
               +--------+--------+--------+--------+--------+-----+--------+

Top non-repeatable levels by time:
     D:2: 816 daAuts
     D:1: 789 daAuts
     D:3: 694 daAuts
  Temple: 158 daAuts
     D:4: 115 daAuts
